 Dungeon Sprint DCSS version 0.21-a0-216-g6d3fd91 (webtiles) character file.

41090 Kidiri the Imperceptible (level 13, -18/70 HPs)
             Began as a Spriggan Enchanter on Aug 23, 2017.
             Was the Champion of Dithmenos.
             Demolished by Rupert
             ... wielding a +1 battleaxe of freezing
              (26 damage)
             ... while paralysed by Rupert
             ... in the Dungeon (Sprint IX: "|||||||||||||||||||||||||||||").
             The game lasted 00:20:30 (4597 turns).

Kidiri the Imperceptible (Spriggan Enchanter)       Turns: 4597, Time: 00:20:30

Health: -18/70     AC:  6    Str:  6    XL:     13   Next: 78%
Magic:  17/35      EV:  4    Int: 26    God:    Dithmenos [******]
Gold:   1524       SH:  0    Dex: 19    Spells: 35/47 levels left

rFire    + . .     SeeInvis +   a - +4 dagger (elec)
rCold    . . .     Gourm    .   (shield restricted)
rNeg     . . .     Faith    .   E - +2 robe "Kemuorphe" {rF+ MR- rCorr Str+2}
rPois    .         Spirit   .   (helmet restricted)
rElec    .         Reflect  +   w - +0 cloak
rCorr    +         Harm     .   (gloves unavailable)
MR       +....     NoTele   +   (boots unavailable)
Stlth    ++++++++++             y - +3 amulet of reflection
HPRegen  0.21/turn              p - +2 ring of evasion
MPRegen  0.24/turn              z - +3 ring of intelligence

@: paralysed, wreathed by umbra, very quick
A: unfitting armour, see invisible, clever 2, herbivore 3, speed 3, slow
metabolism 2
a: Shadow Step, Shadow Form, Renounce Religion


You were in the Dungeon.
You worshipped Dithmenos.
Dithmenos was exalted by your worship.
You were completely stuffed.

You visited 1 branch You collected 1900 gold pieces.
You spent 376 gold pieces at shops.

Inventory:

Hand Weapons
 a - a +4 dagger of electrocution (weapon)
Armour
 b - a +0 robe
 w - a +0 cloak (worn)
 E - the +2 robe "Kemuorphe" (worn) {rF+ MR- rCorr Str+2}
   (You found it in the Dungeon)

   It affects your strength (+2).
   It protects you from fire.
   It affects your resistance to hostile enchantments.
   It protects you from acid and corrosion.
Jewellery
 p - a +2 ring of evasion (left hand)
 q - a +3 ring of strength
 y - a +3 amulet of reflection (around neck)
 z - a +3 ring of intelligence (right hand)
 A - an uncursed ring of ice
 B - an uncursed ring of poison resistance
 C - an uncursed ring of ice
 D - an uncursed ring of fire
Wands
 n - a wand of acid (7/15)
Scrolls
 j - 2 scrolls of blinking
 l - 4 scrolls of remove curse
 m - 2 scrolls of amnesia
 u - 2 scrolls of identify
 v - 4 scrolls of fear
 x - 2 scrolls of recharging
Potions
 e - a potion of invisibility
 f - 3 potions of heal wounds
 g - a potion of haste
 h - 4 potions of magic
 i - a potion of berserk rage
 k - 6 potions of curing
 r - a potion of resistance
 s - a potion of agility
 t - 2 potions of brilliance
 F - a potion of might
 G - a potion of degeneration {unknown}
Books
 c - a book of Maledictions

   Spells                             Type                      Level
   a - Corona                         Hexes                        1
   b - Ensorcelled Hibernation        Hexes/Ice                    2
   c - Confuse                        Hexes                        3
   d - Tukima's Dance                 Hexes                        3
   e - Dazzling Spray                 Conjuration/Hexes            3
Comestibles
 d - 13 bread rations
 o - 30 fruits


   Skills:
 + Level 9.5 Fighting
 * Level 16.3 Short Blades
 + Level 8.8 Armour
 * Level 20.3 Dodging
 * Level 21.9 Stealth
 * Level 17.6 Spellcasting
 + Level 13.3 Hexes
 + Level 9.2 Ice Magic
 + Level 8.3 Invocations


You had 35 spell levels left.
You knew the following spells:

 Your Spells              Type           Power        Failure   Level  Hunger
a - Corona                Hex            #######      0%          1    None
b - Ensorcelled Hibernat  Hex/Ice        ######       1%          2    None
c - Confuse               Hex            #######.     1%          3    None
d - Tukima's Dance        Hex            #######.     1%          3    None
e - Dazzling Spray        Conj/Hex       ######       1%          3    None


Dungeon Overview and Level Annotations

Branches:
Dungeon (1/1)

Altars:
Cheibriados
Dithmenos
Elyvilon
Fedhas
Gozag
Hepliaklqana
Kikubaaqudgha
Makhleb
Nemelex Xobeh
Okawaru
Qazlal
Ru
Sif Muna
Trog
Uskayaw
Vehumet
Wu Jian
Xom
Yredelemnul
Zin
The Shining One
Beogh
Jiyva
Lugonu

Shops:
D =[%(

Annotations:
D Rupert


Innate Abilities, Weirdness & Mutations

You are very small and have problems with some larger weapons.
You are too small for most types of armour.
You have supernaturally acute eyesight. (SInv)
You are a herbivore.
You cover ground extremely quickly.
You need consume almost no food.
Your mind is very acute. (Int +4)


Message History

Unknown command.
You bump into the unnaturally hard rock wall.
You're too confused to move!
Rupert yells loudly at you.
You suddenly lose the ability to move!
Rupert screams, "Get ready!
I'll kill you!
Or something like that..."
Rupert hits you with a battleaxe of freezing!
Rupert freezes you.
Rupert looks more energetic.
Rupert roars madly and goes into a rage!
Rupert goes berserk!
Rupert hits you with a battleaxe of freezing.
Rupert freezes you.
You feel less confused.
Rupert hits you with a battleaxe of freezing!!
* * * LOW HITPOINT WARNING * * *
You emit a cloud of dark smoke.
Rupert freezes you!
* * * LOW HITPOINT WARNING * * *
Rupert hits you with a battleaxe of freezing!!
You die...

▓.........'.....∩)∩.∩)∩)))))'.)
▓.▓▓▓▓▓▓▓▓▓▓▓▓▓▓▓▓▓▓▓▓▓▓▓▓▓▓▓▓▓
▓..............................
▓▓▓▓▓▓▓▓▓▓▓▓▓▓▓▓▓▓▓▓▓▓▓▓▓▓▓▓▓▓▓
▓.........'[....).))))))).'.(..
▓.▓▓▓▓▓▓▓▓▓▓▓▓▓▓▓▓▓▓▓▓▓▓▓▓▓▓▓▓▓
▓............).................
▓▓▓▓▓▓▓▓▓▓▓▓▓▓▓▓▓▓▓▓▓▓▓▓▓▓▓▓▓▓▓
▓...........§@@§§.%.%%.')).[[..
▓.▓▓▓▓▓▓▓▓▓▓▓▓▓▓▓▓▓▓▓▓▓▓▓▓▓▓▓▓▓
▓..@.....................
▓▓▓▓▓▓▓▓▓▓▓▓▓▓▓▓▓▓▓▓▓▓▓▓▓


You could see Rupert (berserk).

Vanquished Creatures
  Frances (D)
  A nagaraja (D)
  A fire giant (D)
  An emperor scorpion (D)
  A dire elephant (D)
  Azrael (D)
  2 merfolk impalers (D)
  A great orb of eyes (D)
  Harold (D)
  2 hydras (D)
  2 anacondas (D)
  A death knight (D)
  2 centaur warriors (D)
  A two-headed ogre (D)
  A deep troll shaman (D)
  A tengu warrior (D)
  Urug (D)
  A naga sharpshooter (D)
  A shock serpent (D)
  A salamander mystic (D)
  A shambling mangrove (D)
  A spriggan druid (D)
  A wizard (D)
  2 orb spiders (D)
  An oklob plant (D)
  2 manticores (D)
  9 orc knights (D)
  An ugly thing (D)
  A wolf spider (D)
  A moth of wrath (D)
  7 elephants (D)
  Joseph (D)
  2 merfolk sirens (D)
  2 black mambas (D)
  A naga mage (D)
  4 spiny frogs (D)
  A komodo dragon (D)
  3 yaktaurs (D)
  3 demonic crawlers (D)
  A freezing wraith (D)
  2 merfolk (D)
  2 hornets (D)
  A blink frog (D)
  2 hippogriffs (D)
  2 tyrant leeches (D)
  A bog body (D)
  A snapping turtle (D)
  A tarantella (shapeshifter) (D)
  A spriggan (D)
  2 tarantellas (D)
  A yak (D)
  2 fire elementals (D)
  2 nagas (D)
  A water moccasin (D)
  4 porcupines (D)
  3 hell hounds (D)
  A swamp drake (D)
  An ice beast (D)
  17 orc warriors (D)
  An ogre (D)
  3 centaurs (D)
  A crocodile (D)
  3 bullfrogs (D)
  2 crimson imps (D)
  4 orc priests (D)
  5 orc wizards (D)
  An iguana (D)
  A hell rat (D)
  2 adders (D)
  An adder skeleton (D)
  4 orcs (D)
  A bat skeleton (D)
  A bat zombie (D)
  A goblin (D)
  2 hobgoblins (D)
  A kobold (D)
  A rat (D)
151 creatures vanquished.

Notes
Turn   | Place    | Note
-------+----------+-------------------------------------------
     0 | D        | Kidiri the Spriggan Enchanter began the quest for the Orb.
     0 | D        | Reached XP level 1. HP: 9/9 MP: 5/5
    30 | D        | Reached skill level 5 in Stealth
   144 | D        | Noticed an ogre
   144 | D        | Noticed a centaur
   144 | D        | Noticed a crimson imp
   144 | D        | Noticed a crimson imp
   152 | D        | Killed a crimson imp
   152 | D        | Reached skill level 1 in Fighting
   152 | D        | Reached skill level 1 in Armour
   152 | D        | Reached skill level 6 in Stealth
   152 | D        | Reached XP level 2. HP: 14/14 MP: 5/7
   152 | D        | Reached XP level 3. HP: 18/18 MP: 6/9
   158 | D        | Reached skill level 5 in Dodging
   158 | D        | Reached XP level 4. HP: 20/23 MP: 6/11
   167 | D        | Learned a level 2 spell: Ensorcelled Hibernation
   171 | D        | Learned a level 3 spell: Confuse
   175 | D        | Learned a level 3 spell: Tukima's Dance
   179 | D        | Learned a level 3 spell: Dazzling Spray
   200 | D        | Reached skill level 7 in Stealth
   203 | D        | Killed a centaur
   203 | D        | Reached skill level 5 in Short Blades
   203 | D        | Reached skill level 8 in Stealth
   203 | D        | Reached skill level 5 in Spellcasting
   203 | D        | Reached skill level 5 in Hexes
   203 | D        | Reached skill level 1 in Ice Magic
   203 | D        | Reached XP level 5. HP: 21/26 MP: 8/14
   205 | D        | Killed an ogre
   205 | D        | Reached skill level 9 in Stealth
   239 | D        | Found a roughly hewn altar of Beogh.
   239 | D        | Found a snail-covered altar of Cheibriados.
   239 | D        | Found a shadowy altar of Dithmenos.
   239 | D        | Found a white marble altar of Elyvilon.
   239 | D        | Found a blossoming altar of Fedhas.
   239 | D        | Found an opulent altar of Gozag.
   240 | D        | Found a hazy altar of Hepliaklqana.
   241 | D        | Found a viscous altar of Jiyva.
   242 | D        | Found an ancient bone altar of Kikubaaqudgha.
   243 | D        | Found a corrupted altar of Lugonu.
   244 | D        | Became a worshipper of Dithmenos the Shadowed
   245 | D        | Found a burning altar of Makhleb.
   246 | D        | Found a sparkling altar of Nemelex Xobeh.
   247 | D        | Found an iron altar of Okawaru.
   248 | D        | Found a stormy altar of Qazlal.
   249 | D        | Found a sacrificial altar of Ru.
   250 | D        | Found a deep blue altar of Sif Muna.
   251 | D        | Found a bloodstained altar of Trog.
   252 | D        | Found a hide-covered altar of Uskayaw.
   253 | D        | Found a radiant altar of Vehumet.
   254 | D        | Found an ornate altar of the Wu Jian Council.
   255 | D        | Found a shimmering altar of Xom.
   256 | D        | Found a basalt altar of Yredelemnul.
   257 | D        | Found a glowing silver altar of Zin.
   258 | D        | Found a glowing golden altar of the Shining One.
   288 | D        | Noticed an orc warrior
   288 | D        | Noticed a centaur
   294 | D        | Reached XP level 6. HP: 32/32 MP: 9/16
   296 | D        | Reached * piety under Dithmenos
   457 | D        | Killed an orc warrior
   457 | D        | Reached ** piety under Dithmenos
   457 | D        | Reached skill level 10 in Stealth
   503 | D        | Noticed a two-headed ogre
   503 | D        | Noticed a hippogriff
   503 | D        | Noticed an ice beast
   503 | D        | Noticed a jumping spider
   507 | D        | Noticed a tarantella
   507 | D        | a jumping spider changed into a tarantella
   512 | D        | Killed a tarantella
   512 | D        | Reached XP level 7. HP: 36/36 MP: 11/19
   517 | D        | Reached skill level 11 in Stealth
   519 | D        | Killed a hippogriff
   519 | D        | Reached *** piety under Dithmenos
   519 | D        | Reached skill level 10 in Dodging
   525 | D        | Killed a two-headed ogre
   525 | D        | Reached skill level 12 in Stealth
   525 | D        | Reached XP level 8. HP: 42/42 MP: 1/22
   728 | D        | Gained mutation: Your mind is acute. (Int +2) [potion of mutation]
   728 | D        | Gained mutation: Your mind is very acute. (Int +4) [potion of mutation]
   751 | D        | Noticed a blink frog
   752 | D        | Noticed a komodo dragon
   754 | D        | Noticed a spiny frog
   755 | D        | Killed a blink frog
   755 | D        | Reached **** piety under Dithmenos
   755 | D        | Reached skill level 13 in Stealth
   755 | D        | Reached skill level 10 in Spellcasting
   756 | D        | Noticed a spiny frog
   764 | D        | Reached XP level 9. HP: 46/46 MP: 15/24
   893 | D        | Killed a komodo dragon
   893 | D        | Reached skill level 5 in Fighting
   899 | D        | Killed a spiny frog
   899 | D        | Reached ***** piety under Dithmenos
   899 | D        | Reached skill level 10 in Short Blades
   899 | D        | Reached skill level 14 in Stealth
   901 | D        | Killed a spiny frog
   956 | D        | Noticed a spiny frog
   956 | D        | Noticed an oklob plant
   958 | D        | Reached skill level 5 in Ice Magic
   959 | D        | Noticed a black mamba
   964 | D        | Noticed a black mamba
   966 | D        | Killed an oklob plant
   966 | D        | Reached skill level 5 in Armour
   972 | D        | Killed a spiny frog
   972 | D        | Reached XP level 10. HP: 52/52 MP: 16/26
   982 | D        | Killed a black mamba
   982 | D        | Reached skill level 15 in Stealth
   984 | D        | Killed a black mamba
   984 | D        | Reached ****** piety under Dithmenos
  1085 | D        | Noticed an elephant
  1085 | D        | Noticed an elephant
  1085 | D        | Noticed an elephant
  1085 | D        | Noticed an elephant
  1085 | D        | Noticed an elephant
  1085 | D        | Noticed an elephant
  1086 | D        | Noticed an elephant
  1087 | D        | Killed an elephant
  1088 | D        | Noticed a dire elephant
  1089 | D        | Killed an elephant
  1091 | D        | Killed an elephant
  1093 | D        | Killed an elephant
  1093 | D        | Reached skill level 1 in Invocations
  1095 | D        | Killed an elephant
  1095 | D        | Reached skill level 16 in Stealth
  1097 | D        | Killed an elephant
  1099 | D        | Killed an elephant
  1099 | D        | Reached skill level 15 in Dodging
  1101 | D        | Killed a dire elephant
  1101 | D        | Reached skill level 10 in Hexes
  1101 | D        | Reached XP level 11. HP: 58/58 MP: 27/29
  1171 | D        | Noticed Urug
  1172 | D        | Noticed Harold
  1173 | D        | Killed Urug
  1178 | D        | Killed Harold
  1308 | D        | Reached skill level 17 in Stealth
  1633 | D        | Noticed an orc knight
  1636 | D        | Noticed an orc knight
  1661 | D        | Killed an orc knight
  1663 | D        | Killed an orc knight
  1797 | D        | Found Wismi's Weapon Boutique.
  1797 | D        | Noticed an orc knight
  1797 | D        | Noticed an orc knight
  1800 | D        | Found Sian's Food Shop.
  1802 | D        | Noticed an orc knight
  1803 | D        | Killed an orc knight
  1804 | D        | Found Jariluov's Antique Armour Boutique.
  1805 | D        | Killed an orc knight
  1806 | D        | Noticed an orc knight
  1810 | D        | Noticed an orc knight
  1812 | D        | Noticed an orc knight
  1813 | D        | Found Moshap's Jewellery Shop.
  1814 | D        | Killed an orc knight
  1817 | D        | Noticed an orc knight
  1822 | D        | Killed an orc knight
  1826 | D        | Killed an orc knight
  1826 | D        | Reached skill level 18 in Stealth
  1829 | D        | Killed an orc knight
  1836 | D        | Killed an orc knight
  1890 | D        | Bought a +3 amulet of reflection for 188 gold pieces
  1891 | D        | Bought a +3 ring of intelligence for 188 gold pieces
  2086 | D        | Got the +2 robe "Kemuorphe" {rF+ MR- rCorr Str+2}
  2123 | D        | Noticed a brown ugly thing
  2123 | D        | Noticed a centaur warrior
  2123 | D        | Noticed a centaur warrior
  2126 | D        | Noticed a death knight
  2128 | D        | Killed a centaur warrior
  2128 | D        | Reached skill level 5 in Invocations
  2128 | D        | Reached XP level 12. HP: 64/64 MP: 28/31
  2131 | D        | Noticed a fire giant
  2138 | D        | Killed a centaur warrior
  2140 | D        | Noticed a tengu warrior
  2145 | D        | Killed a death knight
  2145 | D        | Reached skill level 15 in Spellcasting
  2147 | D        | Noticed a great orb of eyes
  2148 | D        | Killed a fire giant
  2148 | D        | Reached skill level 19 in Stealth
  2163 | D        | Noticed a deep troll shaman
  2170 | D        | Killed a tengu warrior
  2196 | D        | Killed a great orb of eyes
  2351 | D        | Killed a deep troll shaman
  2400 | D        | Noticed Joseph
  2402 | D        | Killed Joseph
  2417 | D        | Noticed Azrael
  2427 | D        | Killed Azrael
  2583 | D        | Noticed Frances
  2585 | D        | Killed Frances
  2585 | D        | Reached skill level 20 in Stealth
  2618 | D        | Noticed an anaconda
  2618 | D        | Noticed a nagaraja
  2619 | D        | Noticed an anaconda
  2622 | D        | Killed a nagaraja
  2622 | D        | Reached skill level 15 in Short Blades
  2622 | D        | Reached XP level 13. HP: 69/69 MP: 34/34
  2898 | D        | Reached skill level 21 in Stealth
  2944 | D        | Noticed an emperor scorpion
  2947 | D        | Killed an emperor scorpion
  3102 | D        | Noticed a merfolk impaler
  3102 | D        | Noticed a merfolk impaler
  3121 | D        | Killed a merfolk impaler
  3124 | D        | Killed a merfolk impaler
  4548 | D        | Noticed Rupert
  4591 | D        | Paralysed by Rupert for 7 turns
  4597 | D        | Demolished by Rupert

Vault maps used:
D:        linesprint

Skill      XL: |  1  2  3  4  5  6  7  8  9 10 11 12 13 |
---------------+----------------------------------------+-----
Short Blades   | 3 5 7 8 9 10 12 13 15 16 | 16.3
Stealth        | 6 8 9 10 12 13 14 16 18 20 21 | 21.9
Fighting       | 1 2 3 4 5 6 7 8 9 |  9.5
Armour         | 1 2 3 4 5 6 7 8 |  8.8
Dodging        | 4 5 6 8 9 11 12 13 15 17 18 20 | 20.3
Spellcasting   | 3 4 5 6 7 9 10 11 13 14 16 17 | 17.6
Hexes          | 4 5 6 7 8 9 10 11 12 13 | 13.3
Ice Magic      | 1 2 3 4 5 6 7 8 9 |  9.2
Invocations    | 2 5 6 8 |  8.3

Action                   |  1- 3 |  4- 6 |  7- 9 | 10-12 | 13-15 || total
-------------------------+-------+-------+-------+-------+-------++-------
Melee: Dagger            |    25 |     3 |    24 |   139 |    57 ||   248
       Rapier            |       |    11 |    12 |       |       ||    23
 Cast: Corona            |     6 |       |       |       |       ||     6
       Ensorcelled Hiber |       |    13 |    15 |    48 |    35 ||   111
       Confuse           |       |     2 |     8 |    22 |    12 ||    44
       Dazzling Spray    |       |       |       |     8 |    13 ||    21
Invok: Shadow Step       |       |       |       |     9 |     5 ||    14
  Use: Potion            |     1 |       |     1 |     2 |     2 ||     6
       Scroll            |       |       |     2 |     2 |       ||     4
 Stab: Sleeping          |       |     9 |    10 |    50 |    26 ||    95
       Confused          |       |     1 |     7 |    18 |     7 ||    33
       Distracted        |       |       |       |     1 |       ||     1
       Invisible         |       |       |       |       |     3 ||     3
  Eat: Fruit             |       |       |       |       |    10 ||    10
Armor: Robe              |     4 |     1 |       |     1 |     2 ||     8
Dodge: Dodged            |    11 |    21 |    24 |    62 |    61 ||   179
Block: Other             |       |       |       |     4 |     7 ||    11
       Reflection        |       |       |       |     1 |       ||     1

Table legend:
 A = Spawn XP
 B = Non-spawn XP
 C = Spawn XP percentage of total XP
 D = Spawn monster count
 E = Non-spawn monster count
 F = Spawn count percentage of total count
 G = Total turns spent on level
                    A         B        C        D         E        F      G
               +---------+---------+-------+---------+---------+-------+---------
         Total |     215 |   58485 |   0.4 |       1 |     150 |   0.7 |  4597
               +---------+---------+-------+---------+---------+-------+---------
             D |     215 |   58485 |   0.4 |       1 |     150 |   0.7 |  4597
               +---------+---------+-------+---------+---------+-------+---------
